 Dungeon Crawl Stone Soup version 0.20.1-1-g8b1a95d66d (webtiles) character file.

3715 Gargoyl the Schismatic (level 9, -4/78 HPs)
             Began as a Centaur Abyssal Knight on Dec 15, 2017.
             Was an Elder of Lugonu.
             Slain by a yak (12 damage)
             ... on level 7 of the Dungeon.
             The game lasted 00:14:40 (8741 turns).

Gargoyl the Schismatic (Centaur Abyssal Knight)     Turns: 8741, Time: 00:14:40

Health: -4/78      AC: 13    Str: 16    XL:     9   Next: 91%
Magic:  14/14      EV:  3    Int: 11    God:    Lugonu [****..]
Gold:   496        SH:  3    Dex: 11    Spells: 8/8 levels left

rFire    + . .     SeeInvis .   t - +1 war axe
rCold    . . .     Gourm    .   z - +0 buckler
rNeg     . . .     Faith    .   d - +1 plate armour
rPois    +         Spirit   .   (helmet restricted)
rElec    .         Reflect  .   (no cloak)
rCorr    .         Harm     .   D - +0 pair of gloves
MR       .....                  (no barding)
Stlth    ..........             y - amulet of magic regeneration
Regen    0.3/turn               j - ring of poison resistance
MPRegen  0.3/turn               o - ring of protection from fire

@: very quick
A: hooves 3, horns 1, deformed body, speed 2, tough skin 3
a: Depart the Abyss, Bend Space, Banish, Corrupt, Renounce Religion


You were on level 7 of the Dungeon.
You worshipped Lugonu.
Lugonu was greatly pleased with you.
You were not hungry.

You visited 1 branch of the dungeon, and saw 8 of its levels.
You visited the Abyss 1 time.

You collected 496 gold pieces.

Inventory:

Hand Weapons
 a - a +2 hand axe
 t - a +1 war axe (weapon)
Missiles
 B - 8 tomahawks (quivered)
Armour
 d - a +1 plate armour (worn)
 z - a +0 buckler (worn)
 D - a +0 pair of gloves (worn)
 G - a +0 helmet of see invisible
Jewellery
 j - a ring of poison resistance (left hand)
 o - a ring of protection from fire (right hand)
 y - an amulet of magic regeneration (around neck)
Wands
 b - a wand of iceblast (9/15)
 r - a wand of digging (4/24)
 u - a wand of acid (0/15)
 w - a wand of lightning (0/15)
 x - a wand of confusion (38/48)
 F - a wand of lightning (7/15)
Scrolls
 g - 8 scrolls of teleportation
 k - a scroll of identify
 m - a scroll of amnesia
 C - a scroll of remove curse
Potions
 e - 2 potions of agility
 h - a potion of heal wounds
 i - 5 potions of curing
 l - a potion of might
 q - a potion of lignification
 A - a potion of flight
Books
 v - a book of Conjurations

   Spells                             Type                      Level
   a - Magic Dart                     Conjuration                  1
   b - Searing Ray                    Conjuration                  2
   c - Dazzling Spray                 Conjuration/Hexes            3
   d - Fulminant Prism                Conjuration/Hexes            4
   e - Force Lance                    Conjuration/Translocation    4
   f - Iskenderun's Mystic Blast      Conjuration                  4
Comestibles
 c - 6 bread rations
 f - 7 fruits
 n - 6 meat rations
 p - 4 royal jellies
 s - 5 chunks of flesh


   Skills:
 + Level 6.5 Fighting
 + Level 6.9 Axes
 * Level 6.6 Armour
 + Level 1.3 Dodging
 + Level 0.5 Shields
 * Level 7.0 Invocations
 + Level 0.8 Evocations


You had 8 spell levels left.
You didn't know any spells.

Dungeon Overview and Level Annotations

Branches:
Dungeon (8/15)             Temple (0/1) D:4
   Lair: D:8-11

Altars:
Dithmenos
Elyvilon
Fedhas
Makhleb
Nemelex Xobeh
Qazlal
Sif Muna


Innate Abilities, Weirdness & Mutations

You have hooves in place of feet.
Armour fits poorly on your strangely shaped body.
You cover ground very quickly.
You have extremely tough skin. (AC +3)
You have a pair of small horns on your head.


Message History

The scorpion stings you but does no damage.
You hit the scorpion. Your kick misses the scorpion.
The scorpion is lightly wounded.
Your plate armour prevents you from hitting the yak.
You completely miss the yak. You hit the yak but do no damage.
The yak gores you but does no damage. The yak gores you!
The yak gores you but does no damage. You block the scorpion's attack.
The yak barely misses you.
Unknown command.
You slash the scorpion! Your kick misses the scorpion.
The scorpion is severely wounded.
You hit the yak but do no damage. You barely miss the yak.
Your shield and plate armour prevent you from hitting the yak.
The yak gores you but does no damage. The yak gores you.
You block the scorpion's attack. The yak gores you!
* * * LOW HITPOINT WARNING * * *
The yak gores you.
* * * LOW HITPOINT WARNING * * *
The yak gores you!
You die...

########.# #.........#.#
#.# #.#######.#.# #.# #.#
#.#.# #.#
######.#######.#.# #[#
#................# #.#
#.##...........###
####)######.#.<.#.########
#.....[)..YYY.....#
###.#########@#...###
##(..## #s##.## ##..#.)##
#.##.# ##..###..## #.##.#
#..#####..######.##.#
..###.#'#........##.#
.###._.###..#######.#
..###.#+#...........#
...#####....#########


You could see 3 yaks and a scorpion.

Vanquished Creatures
  Grinder (D:3)
  The ghost of BobTheBalder the Firebug, an amateur DrFE of Makhleb (D:3)
  A hippogriff (D:7)
  Edmund (D:4)
  Menkaure (D:5)
  An ice beast (D:7)
  3 orc warriors
  2 sky beasts (D:5)
  A necrophage (D:6)
  4 ogres
  2 centaurs
  A big kobold (D:7)
  5 bullfrogs
  A scorpion (D:6)
  3 howler monkeys
  7 crimson imps
  3 hounds
  A bullfrog skeleton (D:5)
  A centaur skeleton (D:4)
  2 orc priests
  A gnoll shaman (D:7)
  An iguana (D:4)
  5 orc wizards
  4 worker ants
  A hound zombie (D:7)
  Robin (D:3)
  4 gnolls (D:7)
  10 adders
  An adder skeleton (D:6)
  2 worms
  3 dart slugs
  5 leopard geckos
  22 orcs
  5 ball pythons
  3 giant cockroaches
  17 goblins
  8 hobgoblins
  4 jackals (D:2)
  4 quokkas
  2 bats (D:2)
  4 frilled lizards
  8 kobolds
  A quokka skeleton (D:6)
  8 rats
166 creatures vanquished.

Vanquished Creatures (others)
  The ghost of Sharqy the Skirmisher, a novice MiBe of Trog (D:6)
  A fungus (D:8)
2 creatures vanquished.

Grand Total: 168 creatures vanquished

Notes
Turn   | Place    | Note
-------+----------+-------------------------------------------
     0 | Abyss:1  | Gargoyl the Centaur Abyssal Knight began the quest for the Orb.
     0 | Abyss:1  | Reached XP level 1. HP: 19/19 MP: 2/2
    71 | Abyss:1  | Noticed a small abomination
    83 | Abyss:1  | Noticed a ynoxinul
    85 | D:1      | Escaped the Abyss
   145 | D:1      | Reached * piety under Lugonu
   323 | D:1      | Reached XP level 2. HP: 25/26 MP: 3/3
   911 | D:2      | Reached XP level 3. HP: 31/31 MP: 4/4
  1430 | D:1      | Reached XP level 4. HP: 10/38 MP: 5/5
  1706 | D:3      | Reached ** piety under Lugonu
  1735 | D:3      | Noticed BobTheBalder's ghost (amateur DrFE)
  1807 | D:3      | Killed BobTheBalder's ghost
  1807 | D:3      | Reached skill level 3 in Invocations
  1807 | D:3      | Reached XP level 5. HP: 35/46 MP: 7/7
  1807 | D:3      | Reached XP level 6. HP: 40/52 MP: 8/8
  1968 | D:3      | Noticed Robin
  1985 | D:3      | Killed Robin
  2278 | D:3      | Noticed Grinder
  2294 | D:3      | Paralysed by Grinder for 5 turns
  2303 | D:3      | Killed Grinder
  2303 | D:3      | Reached XP level 7. HP: 14/59 MP: 9/9
  2794 | D:3      | Found a stormy altar of Qazlal.
  2795 | D:3      | Noticed an air elemental
  2797 | D:3      | Noticed a water elemental
  2797 | D:3      | Noticed a fire elemental
  3095 | D:3      | Found a deep blue altar of Sif Muna.
  3169 | D:4      | Reached skill level 4 in Invocations
  3296 | D:4      | Noticed Edmund
  3314 | D:4      | Killed Edmund
  3844 | D:4      | Reached XP level 8. HP: 67/67 MP: 11/11
  3926 | D:4      | Found a staircase to the Ecumenical Temple.
  3985 | D:5      | Entered Level 5 of the Dungeon
  4022 | D:5      | Reached *** piety under Lugonu
  4274 | D:5      | Reached skill level 5 in Fighting
  4274 | D:5      | Reached skill level 5 in Invocations
  4280 | D:5      | Gained mutation: You have a pair of small horns on your head. [mutagenic meat]
  4447 | D:5      | Noticed Menkaure
  4647 | D:4      | Reached skill level 5 in Axes
  4853 | D:5      | Reached skill level 5 in Armour
  4888 | D:5      | Killed Menkaure
  5171 | D:5      | Found a shadowy altar of Dithmenos.
  5336 | D:5      | Found a white marble altar of Elyvilon.
  5515 | D:5      | Found a burning altar of Makhleb.
  5542 | D:5      | Reached skill level 1 in Dodging
  5929 | D:7      | Reached XP level 9. HP: 28/75 MP: 13/13
  6171 | D:6      | Noticed Sharqy's ghost (novice MiBe)
  6612 | D:6      | Banished Sharqy's ghost
  6612 | D:6      | Reached skill level 6 in Invocations
  7303 | D:6      | Reached **** piety under Lugonu
  8100 | D:7      | Reached skill level 7 in Invocations
  8224 | D:7      | Found a blossoming altar of Fedhas.
  8667 | D:7      | Found a sparkling altar of Nemelex Xobeh.
  8741 | D:7      | Slain by a yak

Skill      XL: |  1  2  3  4  5  6  7  8  9 |
---------------+----------------------------+-----
Axes           | 2 3 4 5 6 |  6.9
Armour         | 2 3 4 5 6 |  6.6
Fighting       | 4 5 6 |  6.5
Invocations    | 3 4 5 7 |  7.0
Dodging        | 1 |  1.3
Shields        | |  0.5
Evocations     | |  0.8

Action                   |  1- 3 |  4- 6 |  7- 9 || total
-------------------------+-------+-------+-------++-------
Melee: Hand axe          |   114 |    52 |       ||   166
       Kick              |    17 |    15 |    98 ||   130
       War axe           |       |    21 |   427 ||   448
       Headbutt          |       |       |    37 ||    37
Invok: Depart the Abyss  |     1 |       |       ||     1
       Banish            |       |       |     1 ||     1
Evoke: Wand              |       |       |     6 ||     6
  Use: Scroll            |     3 |     7 |    11 ||    21
       Potion            |     1 |     2 |     3 ||     6
  Eat: Chunk             |     1 |     2 |    11 ||    14
       Bread ration      |       |       |     2 ||     2
Armor: Plate armour      |   142 |    73 |   416 ||   631
Dodge: Dodged            |    11 |    14 |    65 ||    90
Block: Buckler           |       |       |    44 ||    44
